 Dungeon Sprint DCSS version 0.18.1-5-g4a78601 (webtiles) character file.

3325 Groucho the Prestidigitator (level 9, -8/90 HPs)
             Began as a Deep Dwarf Fighter on May 12, 2016.
             Was the Champion of Makhleb.
             Mangled by a catoblepas (18 damage)
             ... in the Dungeon (Sprint IX: "|||||||||||||||||||||||||||||") on May 13, 2016.
             The game lasted 00:03:37 (1791 turns).

Groucho the Prestidigitator (Deep Dwarf Fighter)    Turns: 1791, Time: 00:03:37

Health: -8/90      AC: 14    Str: 22    XL:     9   Next: 71%
Magic:  17/17      EV:  6    Int: 10    God:    Makhleb [******]
Gold:   0          SH:  0    Dex: 15    Spells: 0 memorised, 18 levels left

rFire  . . .     SeeInvis .     b - +2 scimitar (flame)
rCold  . . .     Gourm    .     q - +1 chain mail
rNeg   . . .     Faith    .     c - +0 shield
rPois  .         Spirit   .     p - +0 helmet
rElec  .         Dismiss  .     (no cloak)
rCorr  .         Reflect  .     (no gloves)
SustAt .         Harm     .     (no boots)
MR     +....     NoTele   +     (no amulet)
Stlth  ..........               (no ring)
                                r - +3 ring of dexterity

@: petrifying (expiring), non-regenerating, very slow, somewhat resistant to
hostile enchantments, extremely unstealthy
A: damage resistance, recharge devices, sense surroundings 2, slow regeneration
3
a: Device Recharging, Minor Destruction, Lesser Servant of Makhleb, Major
Destruction, Greater Servant of Makhleb, Renounce Religion


You were in the Dungeon.
You worshipped Makhleb.
Makhleb was exalted by your worship.
You were not hungry.

You visited 1 branch

Inventory:

Hand Weapons
 a - a +0 long sword
 b - a +2 scimitar of flaming (weapon)
Armour
 c - a +0 shield (worn)
 p - a +0 helmet (worn)
 q - a +1 chain mail (worn)
Jewellery
 r - a +3 ring of dexterity (left hand)
Wands
 e - a wand of heal wounds (5/9)
 o - a wand of lightning (1/15)
Scrolls
 l - 2 scrolls of blinking
 m - 4 scrolls of remove curse
 n - 2 scrolls of amnesia
 s - 2 scrolls of fear
 t - 2 scrolls of enchant weapon
 u - a scroll of recharging
Potions
 d - 3 potions of might
 f - a potion of cure mutation
 g - 7 potions of curing
 h - 5 potions of heal wounds
 i - a potion of invisibility
 j - 4 potions of magic
 k - a potion of berserk rage


   Skills:
 * Level 8.7 Fighting
 * Level 9.2 Long Blades
 * Level 10.3 Armour
 * Level 9.7 Dodging
 * Level 10.4 Shields
 + Level 5.0 Spellcasting
 * Level 2.7 Invocations
 + Level 11.3 Evocations


You had 18 spell levels left.
You didn't know any spells.

Dungeon Overview and Level Annotations

Branches:
Dungeon (1/1)

Altars:
Cheibriados
Dithmenos
Elyvilon
Fedhas
Gozag
Kikubaaqudgha
Makhleb
Nemelex Xobeh
Okawaru
Pakellas
Qazlal
Ru
Sif Muna
Trog
Vehumet
Xom
Yredelemnul
Zin
The Shining One
Beogh
Jiyva
Lugonu


Innate Abilities, Weirdness & Mutations

You are resistant to damage.
You can recharge devices by infusing magical energy.
You passively map the area around you.
You do not regenerate naturally.


Message History

You are engulfed in calcifying dust.
The catoblepas gores you but does no damage.
You are engulfed in calcifying dust.
The catoblepas gores you.
You turn to flesh and can move again.
Unknown command.
Unknown command.
Unknown command.
You slice the catoblepas!! You burn the catoblepas.
The catoblepas is almost dead.
You are engulfed in calcifying dust.
You are slowing down.
The catoblepas gores you!!
* * * LOW HITPOINT WARNING * * *
You hit the catoblepas but do no damage.
The catoblepas is almost dead.
You are engulfed in calcifying dust.
Your limbs have turned to stone.
The catoblepas gores you!
* * * LOW HITPOINT WARNING * * *
The catoblepas gores you!!
You die...

, * , ,
▓.▓.▓_▓ ,
*,
▓.▓.▓_▓ *
*,▓.▓.▓_▓
* * *
▓§▓.▓_▓ ,
* ▓.▓.▓_▓
* ▓.▓.▓_▓
* ▓§▓.▓_▓
* , ,*
,▓.▓.▓_▓
* * ,*
,▓@▓.▓_▓
* * , ,
,▓Y▓.▓_▓
, , * *
▓D▓.▓_▓
▓r▓.▓_▓
*, ,*,
▓S▓.▓_▓ ,
* ▓.▓.▓_▓
, ,* *
,▓.▓.▓_▓
*, *
▓†▓.▓_▓ *
,* ▓.▓_▓


You could see a catoblepas, an eight-headed hydra, a black mamba and a river
rat.

Vanquished Creatures
  A hydra (D)
  A deep elf mage (D)
  A black mamba (D)
  2 komodo dragons (D)
  A blink frog (D)
  A yak (D)
  A hippogriff (D)
  A water moccasin (D)
  3 porcupines (D)
  A centaur (D)
  A crocodile (D)
  A big kobold (D)
  3 giant frogs (D)
  A quasit (D)
  A jelly (D)
  An orc wizard (D)
  A sheep (D)
  A gnoll (D)
  A river rat (D)
  An adder (D)
  An adder zombie (D)
  An adder skeleton (D)
  A giant gecko (D)
  2 orcs (D)
  A ball python (D)
  2 bats (D)
  A giant cockroach zombie (D)
  A giant gecko zombie (D)
  A rat (D)
36 creatures vanquished.

Notes
Turn   | Place    | Note
--------------------------------------------------------------
     0 | D        | Groucho the Deep Dwarf Fighter began the quest for the Orb.
     0 | D        | Reached XP level 1. HP: 20/20 MP: 1/1
    10 | D        | Reached skill level 1 in Dodging
    10 | D        | Reached skill level 2 in Evocations
    10 | D        | Reached XP level 2. HP: 22/28 MP: 1/3
    28 | D        | Reached skill level 1 in Spellcasting
    55 | D        | Reached skill level 3 in Evocations
    55 | D        | Reached XP level 3. HP: 27/34 MP: 5/5
   623 | D        | Found a glowing silver altar of Zin.
   623 | D        | Found a glowing golden altar of the Shining One.
   623 | D        | Found an ancient bone altar of Kikubaaqudgha.
   623 | D        | Found a basalt altar of Yredelemnul.
   623 | D        | Found a shimmering altar of Xom.
   623 | D        | Found a radiant altar of Vehumet.
   624 | D        | Found an iron altar of Okawaru.
   625 | D        | Found a burning altar of Makhleb.
   626 | D        | Found a deep blue altar of Sif Muna.
   627 | D        | Found a bloodstained altar of Trog.
   628 | D        | Found a sparkling altar of Nemelex Xobeh.
   629 | D        | Found a white marble altar of Elyvilon.
   630 | D        | Found a roughly hewn altar of Beogh.
   631 | D        | Found a viscous altar of Jiyva.
   632 | D        | Found a corrupted altar of Lugonu.
   633 | D        | Became a worshipper of Makhleb the Destroyer
   634 | D        | Found a blossoming altar of Fedhas.
   635 | D        | Found a snail-covered altar of Cheibriados.
   636 | D        | Found a shadowy altar of Dithmenos.
   637 | D        | Found a stormy altar of Qazlal.
   638 | D        | Found an opulent altar of Gozag.
   639 | D        | Found a sacrificial altar of Ru.
   640 | D        | Found an oddly glowing altar of Pakellas.
   692 | D        | Noticed a centaur
   692 | D        | Noticed a hippogriff
   692 | D        | Noticed a big kobold
   696 | D        | Killed a centaur
   696 | D        | Reached skill level 5 in Armour
   696 | D        | Reached skill level 5 in Shields
   696 | D        | Reached skill level 4 in Evocations
   696 | D        | Reached XP level 4. HP: 35/44 MP: 5/7
   703 | D        | Reached * piety under Makhleb
   703 | D        | Reached skill level 5 in Evocations
   703 | D        | Reached XP level 5. HP: 40/51 MP: 5/8
   715 | D        | Killed a hippogriff
   715 | D        | Reached skill level 5 in Fighting
   715 | D        | Reached skill level 5 in Long Blades
   715 | D        | Reached skill level 6 in Evocations
   715 | D        | Reached XP level 6. HP: 48/61 MP: 7/10
   722 | D        | Reached ** piety under Makhleb
   722 | D        | Reached skill level 5 in Dodging
   725 | D        | Reached skill level 7 in Evocations
   947 | D        | Noticed a deep elf mage
   947 | D        | Noticed a five-headed hydra
   962 | D        | Killed a one-headed hydra
   962 | D        | Reached *** piety under Makhleb
   962 | D        | Reached skill level 9 in Evocations
   962 | D        | Reached XP level 7. HP: 60/70 MP: 11/13
   962 | D        | Reached XP level 8. HP: 67/78 MP: 11/14
   967 | D        | Killed a deep elf mage
   977 | D        | Reached **** piety under Makhleb
  1208 | D        | Noticed a black mamba
  1208 | D        | Noticed a komodo dragon
  1225 | D        | Killed a black mamba
  1225 | D        | Reached skill level 10 in Evocations
  1228 | D        | Noticed a blink frog
  1228 | D        | Reached ***** piety under Makhleb
  1231 | D        | Gained mutation: You passively map the area around you. [Deep Dwarf growth]
  1231 | D        | Reached XP level 9. HP: 39/88 MP: 16/16
  1233 | D        | Killed a komodo dragon
  1238 | D        | Reached skill level 11 in Evocations
  1253 | D        | Reached skill level 10 in Armour
  1253 | D        | Reached skill level 10 in Shields
  1767 | D        | Noticed a komodo dragon
  1767 | D        | Noticed a catoblepas
  1767 | D        | Noticed an eight-headed hydra
  1775 | D        | Reached ****** piety under Makhleb
  1775 | D        | Reached skill level 1 in Invocations
  1775 | D        | Reached skill level 5 in Spellcasting
  1776 | D        | Killed a komodo dragon
  1777 | D        | Noticed a black mamba
  1791 | D        | Mangled by a catoblepas

Skill      XL: |  1  2  3  4  5  6  7  8  9 |
---------------+----------------------------+-----
Fighting       | 3 4 5 6 7 8 |  8.7
Dodging        | 1 2 3 4 7 8 9 |  9.7
Evocations     | 2 3 4 5 6 9 10 11 | 11.3
Shields        | 4 5 6 8 9 10 | 10.4
Spellcasting   | 1 2 3 4 5 |  5.0
Long Blades    | 3 4 5 7 8 9 |  9.2
Armour         | 4 5 6 8 9 10 | 10.3
Invocations    | 2 |  2.7

Action                   |  1- 3 |  4- 6 |  7- 9 || total
-------------------------+-------+-------+-------++-------
Melee: Long sword        |    45 |       |       ||    45
       Scimitar          |     3 |    43 |    67 ||   113
Evoke: Wand              |       |       |     6 ||     6
  Use: Potion            |     1 |       |       ||     1
  Eat: Bread ration      |       |       |     1 ||     1
Armor: Scale mail        |    11 |       |       ||    11
       Chain mail        |     5 |    39 |    11 ||    55
Dodge: Dodged            |    10 |    16 |    24 ||    50
Block: Shield            |    32 |    34 |    48 ||   114
